AoeStats
← Sodythaek

Arabia

510876908Analyzed
1v1 RM · 14h ago on Oct 2, 2026· 49m 2s· 2 players
Game mode
Random Map
Map size
Tiny (2 player)
Population
200
Speed
Normal
Resources
Standard
Victory
Conquest
Starting age
Dark Age
Ending age
Imperial Age
RankedLock teamsTeams togetherTeam positionsShared explorationLock speedFull tech treeHidden civsTurbo modeCheats
Victory
Defeat
🇫🇷 Danes · France
1334
+15
🇩🇪 Khitans · Germany
1323
-15
Rammenschaf
6:03 Loom
9:15 Feudal Age
9:54 Double-Bit Axe
9:50 Domestication
14:38 Forging
21:15 Castle Age
20:01 Scale Barding Armor
20:04 Gold Mining
22:36 Bow Saw
23:10 Iron Casting
22:59 Chain Barding Armor
23:46 Man-at-Arms
24:52 Gambesons
24:28 Long Swordsman
28:51 Scale Mail Armor
30:12 Chain Mail Armor
30:39 Squires
32:11 Chain Mail Armor
38:11 Imperial Age
35:46 Arson
36:05 Husbandry
36:12 Light Cavalry
39:33 Murder Holes
39:12 Two-Handed Swordsman
41:17 Champion
45:33 Plate Mail Armor
Sodythaek
7:09 Loom
9:44 Feudal Age
12:22 Double-Bit Axe
14:12 Scale Barding Armor
14:53 Horse Collar
16:00 Forging
23:07 Castle Age
21:47 Scale Mail Armor
22:00 Gold Mining
22:00 Arson
24:15 Chain Mail Armor
24:05 Heavy Plow
24:16 Bow Saw
26:23 Iron Casting
28:42 Squires
30:29 Wheelbarrow
36:36 Stone Mining
40:47 Hand Cart
44:48 Imperial Age
42:14 Hamask
44:00 Stone Shaft Mining
45:00 Elite Varangian Guard
45:22 Light Cavalry
46:13 Bloodlines
46:03 Husbandry
46:04 Elite Varangian Guard
46:30 Gambesons
46:26 Capped Ram
47:18 Fletching
47:48 Chain Barding Armor
47:59 Plate Mail Armor
48:29 Blast Furnace
48:37 Conscription
47:47 Siege Ram
Connection lost

Rejoining the realm…

Still unreachable

The connection could not be restored.

Session expired

The server has moved on; the page needs a fresh start.